 Dungeon Crawl Stone Soup version 0.28-a0-991-g956f0ee3d5 (webtiles) character file.

Game seed: 7807628316407836633

6807 Peloso the Carver (level 10, 0/92 HPs)
             Began as a Minotaur Fighter on Dec 5, 2021.
             Was a Priest of Okawaru.
             Slain by a troll (13 damage)
             ... on level 10 of the Dungeon.
             The game lasted 00:17:58 (12120 turns).

Peloso the Carver (Minotaur Fighter)               Turns: 12120, Time: 00:17:59

Health: 0/92       AC: 20    Str: 22    XL:     10   Next: 77%
Magic:  7/9        EV: 10    Int:  5    God:    Okawaru [***...]
Gold:   958        SH:  7    Dex: 13    Spells: 9/9 levels left

rFire   . . .      SeeInvis .   a - +3 falchion
rCold   + . .      Faith    .   c - +0 buckler
rNeg    . . .      Spirit   .   D - +0 plate armour
rPois   .          Reflect  .   (helmet restricted)
rElec   .          Harm     .   u - +0 cloak {Will+}
rCorr   .          Rampage  .   J - +0 pair of gloves
Will    +....                   (no boots)
Stlth   ..........              (no amulet)
HPRegen 0.25/turn               t - ring of protection from cold
MPRegen 0.11/turn               z - +4 ring of slaying

@: lethally poisoned (0 -> -14), heroic, slowed, very slow
A: horns 2, retaliatory headbutt
a: Renounce Religion, Heroism


You were on level 10 of the Dungeon.
You worshipped Okawaru.
Okawaru was most pleased with you.
You visited 2 branches of the dungeon, and saw 11 of its levels.
You also visited: Ossuary.

You collected 958 gold pieces.

Inventory:

Hand Weapons
 a - a +3 falchion (weapon)
Missiles
 F - a throwing net (quivered)
Armour
 b - a +1 scale mail
 c - a +0 buckler (worn)
 u - a +0 cloak of willpower (worn)
 D - a +0 plate armour (worn)
 J - a +0 pair of gloves (worn)
Jewellery
 n - a +6 ring of intelligence
 t - a ring of protection from cold (left hand)
 z - a +4 ring of slaying (right hand)
 E - a +4 ring of slaying
Wands
 g - a wand of acid (10)
 m - a wand of iceblast (10)
 B - a wand of flame (15)
Scrolls
 d - 4 scrolls of enchant weapon
 e - 3 scrolls of torment {unknown}
 f - 3 scrolls of magic mapping
 h - 7 scrolls of teleportation
 k - a scroll of silence
 o - a scroll of amnesia
 r - 2 scrolls of noise
 w - a scroll of fear
 x - 2 scrolls of fog {unknown}
 y - a scroll of immolation
 C - 2 scrolls of blinking
 H - a scroll of enchant armour
Potions
 i - 2 potions of brilliance
 j - 6 potions of haste {unknown}
 l - 4 potions of heal wounds
 q - 3 potions of curing {unknown}
 s - a potion of invisibility {unknown}
 v - 2 potions of might
 A - 2 potions of cancellation {unknown}
 G - a potion of magic {unknown}
 I - a potion of mutation {unknown}


   Skills:
 + Level 9.7(14.7) Fighting
 + Level 11.8(16.8) Long Blades
 + Level 11.4(16.4) Armour
 + Level 3.1(8.1) Dodging
 + Level 2.3(7.3) Stealth
 + Level 6.6(11.6) Shields
 + Level 0.8 Evocations


You had 9 spell levels left.
You didn't know any spells.
Your spell library contained the following spells:

 Spells                   Type           Power      Damage    Failure   Level
 Apportation              Tloc           0%         N/A       99%         1
 Cause Fear               Hex            0%         N/A       100%        4
 Blade Hands              Tmut           0%         N/A       100%        5
 Irradiate                Conj/Tmut      0%         3d13      100%        5
 Dragon Form              Tmut           0%         N/A       100%        7
 Animate Skeleton         Necr           Unusable   N/A       N/A         1
 Summon Small Mammal      Summ           Unusable   N/A       N/A         1
 Call Canine Familiar     Summ           Unusable   N/A       N/A         3
 Summon Guardian Golem    Hex/Summ       Unusable   N/A       N/A         3
 Dragon's Call            Summ           Unusable   N/A       N/A         9

Dungeon Overview and Level Annotations

Branches:
Dungeon (10/15)            Temple (1/1) D:6             Orc (0/2) D:9
Ossuary (visited)
   Lair: D:8-11

Altars:
Ashenzari
Cheibriados
Dithmenos
Elyvilon
Fedhas
Gozag
Hepliaklqana
Kikubaaqudgha
Makhleb
Nemelex Xobeh
Okawaru
Qazlal
Ru
Sif Muna
Trog
Uskayaw
Vehumet
Wu Jian
Xom
Yredelemnul
Zin
The Shining One

Shops:
D:5 *   D:9 [

Annotations:
D:4 1 runed translucent door, bgiannan's ghost, amateur GrFi


Innate Abilities, Weirdness & Mutations

You have a pair of horns on your head.
You reflexively headbutt those who attack you in melee.


Message History

The hornet stings you.
You are poisoned.
You suddenly lose the ability to move!
You feel very sick. The hornet stings you.
You are more poisoned.
You shrug off the repeated paralysis!
The hornet stings you!
You are more poisoned.
You feel yourself slow down.
You can move again.
You closely miss the hornet.
You feel very sick. The hornet closely misses you.
Unknown command.
You slash the hornet! You headbutt the hornet.
The hornet is heavily wounded.
You feel very sick. The hornet stings you.
You are lethally poisoned!
You feel as though you will be slow longer.
The hornet barely misses you.
You hit the hornet. Your headbutt misses the hornet.
The hornet is heavily wounded.
* * * LOW HITPOINT WARNING * * *
You feel very sick. The hornet barely misses you.
Unknown command.
You hit the hornet.
The hornet is severely wounded.
* * * LOW HITPOINT WARNING * * *
You feel very sick. The hornet closely misses you. You furiously retaliate!
You headbutt the hornet!
You kill the hornet!
Okawaru accepts your kill.
Okawaru will now gift you ammunition as you gain piety.
* * * LOW HITPOINT WARNING * * *
You feel very sick.
Something hits you but does no damage. x2; The troll bites you!
You die...

############################
...........#..#..#.........#
..........{@..#..'.........#
.........oT#'##..#.........'
...........#..####.........#
...........#..#..####...####
.......|...#..#.........#..#
...........#............'..#
......Z....#..#..########'##
............####..#..#......#
................#..#..#......#


You could see a troll, an orc wizard and a howler monkey zombie.

Vanquished Creatures
  Fannar (D:10)
  A cyclops (D:8)
  Psyche (D:9)
  A troll (D:9)
  A hornet (D:10)
  Grinder (D:6)
  Sigmund (D:3)
  2 wraiths
  9 yaks
  A steam dragon (D:9)
  Menkaure (D:5)
  3 orc warriors
  3 sky beasts
  2 ice beasts (D:7)
  3 necrophages
  A centaur (D:6)
  2 kobold brigands (D:8)
  2 bullfrogs
  2 scorpions
  A wyvern skeleton (D:4)
  3 killer bees (D:9)
  A howler monkey (D:6)
  2 jellies (D:7)
  Crazy Yiuf (D:3)
  3 hounds (D:5)
  4 orc priests
  2 bullfrog skeletons
  2 gnoll shamans
  Terence (D:3)
  2 iguanas (D:5)
  8 orc wizards
  Ijyb (D:5)
  8 mummies (Ossuary)
  A hound skeleton (D:4)
  A howler monkey zombie (D:7)
  Robin (D:3)
  A howler monkey skeleton (D:4)
  14 gnolls
  9 adders
  3 shadow imps
  An ufetubus (D:5)
  2 worms
  2 dart slugs
  31 orcs
  8 endoplasms
  3 giant cockroaches
  14 goblins
  11 hobgoblins
  2 jackals (D:2)
  5 quokkas
  8 ball pythons
  10 bats
  2 frilled lizards
  2 hobgoblin zombies (Ossuary)
  16 kobolds
  3 kobold zombies (Ossuary)
  3 orc zombies (Ossuary)
  4 rats
234 creatures vanquished.

Notes
Turn   | Place    | Note
-------+----------+-------------------------------------------
     0 | D:1      | Peloso the Minotaur Fighter began the quest for the Orb.
     0 | D:1      | Reached XP level 1. HP: 19/19 MP: 0/0
    24 | D:1      | Reached XP level 2. HP: 6/27 MP: 1/1
   712 | D:1      | Reached XP level 3. HP: 23/33 MP: 2/2
   986 | D:1      | Found a faded altar of an unknown god.
  1246 | D:2      | Found a hazy altar of Hepliaklqana.
  1466 | D:2      | Reached XP level 4. HP: 39/40 MP: 3/3
  2299 | D:3      | Noticed Sigmund
  2355 | D:3      | Killed Sigmund
  2355 | D:3      | Noticed Robin
  2356 | D:3      | Reached skill level 5 in Long Blades
  2356 | D:3      | Reached skill level 5 in Armour
  2356 | D:3      | Reached skill level 1 in Dodging
  2356 | D:3      | Reached XP level 5. HP: 29/47 MP: 4/4
  2356 | D:3      | Reached XP level 6. HP: 33/53 MP: 5/5
  2360 | D:3      | Killed Robin
  2633 | D:3      | Noticed Terence
  2642 | D:3      | Killed Terence
  2662 | D:3      | Found a hide-covered altar of Uskayaw.
  2722 | D:3      | You fall into a shaft and drop 2 floors!
  2722 | D:5      | Entered Level 5 of the Dungeon
  2722 | D:5      | Noticed Ijyb
  2732 | D:5      | Killed Ijyb
  2802 | D:5      | Reached skill level 5 in Shields
  2896 | D:4      | Found a sand-covered staircase.
  2903 | Ossuary  | Entered an ossuary
  2951 | Ossuary  | Reached skill level 5 in Fighting
  3416 | Ossuary  | Reached XP level 7. HP: 51/61 MP: 6/6
  3686 | D:3      | Found a runed translucent door.
  3687 | D:3      | Noticed Crazy Yiuf
  3907 | D:3      | Found an ornate altar of the Wu Jian Council.
  4786 | D:3      | Killed Crazy Yiuf
  5157 | D:5      | Found Rapuz's CLEARANCE SALE!.
  5310 | D:5      | Noticed a wraith
  5325 | D:5      | Killed a wraith
  5439 | D:5      | Reached XP level 8. HP: 69/69 MP: 7/7
  5822 | D:4      | Found a runed translucent door.
  5822 | D:4      | Noticed bgiannan's ghost (amateur GrFi)
  6262 | D:5      | Noticed Menkaure
  6268 | D:5      | Killed Menkaure
  6904 | D:6      | Noticed Grinder
  6910 | D:6      | Paralysed by Grinder for 5 turns
  6929 | D:6      | Killed Grinder
  7137 | D:6      | Found a staircase to the Ecumenical Temple.
  7161 | D:6      | Reached skill level 1 in Stealth
  7223 | D:6      | Found a sparkling altar of Nemelex Xobeh.
  7224 | D:6      | Found an opulent altar of Gozag.
  7549 | D:6      | Reached XP level 9. HP: 78/78 MP: 8/8
  7950 | D:7      | Found a bloodstained altar of Trog.
  8145 | D:7      | Reached skill level 10 in Long Blades
  8155 | Temple   | Entered the Ecumenical Temple
  8212 | Temple   | Became a worshipper of Warmaster Okawaru
  9193 | D:8      | Noticed a cyclops
  9207 | D:8      | Killed a cyclops
  9207 | D:8      | Reached * piety under Okawaru
  9855 | D:9      | Noticed a troll
  9870 | D:9      | Killed a troll
  9878 | D:9      | Found a staircase to the Orcish Mines.
  9878 | D:9      | Found Uroogg's Armour Shop.
  9903 | D:8      | Reached XP level 10. HP: 19/88 MP: 9/9
 10319 | D:9      | Noticed Psyche
 10324 | D:9      | Reached skill level 10 in Armour
 10342 | D:9      | Killed Psyche
 10342 | D:9      | Reached ** piety under Okawaru
 11265 | D:10     | Entered Level 10 of the Dungeon
 11451 | D:10     | Found a blossoming altar of Fedhas.
 11451 | D:10     | Found a glowing silver altar of Zin.
 11454 | D:10     | Found a shimmering altar of Xom.
 11800 | D:10     | Noticed Fannar
 11830 | D:10     | Killed Fannar
 12114 | D:10     | Paralysed by a hornet for 2 turns
 12119 | D:10     | Reached *** piety under Okawaru
 12120 | D:10     | Slain by a troll

Illustrated notes

Levels and vault maps discovered:
D:1:      dpeg_arrival_windows_large_door, layout_basic,
          shapermc_ecumenical_altar_mp_highgroup, chequers_serial_rivers_micro_d
D:2:      layout_loops_corners, basic_altar, grunt_ministairs_8
D:3:      layout_basic, mainiacjoe_overflow_catch_the_wave,
          lemuel_another_geyser, uniq_sigmund, uniq_robin,
          uniq_crazy_yiuf_cottage, uniq_terence
D:4:      layout_loops_ring, lightli_ossuary_entry_decrepit_ruins,
          gammafunk_ghost_grave
D:5:      layout_loops_corners, grunt_ministairs_1, nicolae_shop_clearance,
          uniq_ijyb, uniq_menkaure
D:6:      layout_basic, grunt_temple_overflow_opulence,
          minmay_temple_entry_from_below_a, uniq_grinder
D:7:      layout_gridville, trog_three_pillars_becter
D:8:      layout_basic
D:9:      layout_irregular_city, orc_david_3, uniq_psyche
D:10:     layout_grid_maze, grunt_temple_overflow_open,
          minmay_fractal_squares_5, uniq_fannar
Temple:   zaba_magenta_temple

Skill      XL: |  1  2  3  4  5  6  7  8  9 10 |
---------------+-------------------------------+-----
Shields        | 4 5 6 |  6.6
Long Blades    | 3 5 7 9 10 11 | 11.8
Armour         | 4 5 6 7 9 11 | 11.4
Fighting       | 4 5 6 8 9 |  9.7
Dodging        | 1 2 3 |  3.1
Stealth        | 1 2 |  2.3
Evocations     | |  0.8

Action                   |  1- 3 |  4- 6 |  7- 9 | 10-12 || total
-------------------------+-------+-------+-------+-------++-------
Melee: Long sword        |    74 |   103 |       |       ||   177
       Headbutt          |     9 |    27 |    52 |    30 ||   118
       Falchion          |       |    49 |   293 |   106 ||   448
Invok: Heroism           |       |       |       |     1 ||     1
Evoke: Wand              |       |       |     2 |     2 ||     4
  Use: Scroll            |       |     6 |     5 |     3 ||    14
       Potion            |       |     1 |     1 |       ||     2
Armor: Scale mail        |    50 |    62 |    36 |       ||   148
       Plate armour      |       |       |    45 |    66 ||   111
Dodge: Dodged            |    41 |    65 |    95 |    20 ||   221
Block: Buckler           |    16 |    45 |    64 |    25 ||   150

Table legend: (Time is in decaauts)
 A = Elapsed time spent in this place.
 B = Non-inter-level travel time spent in this place.
 C = Inter-level travel time spent in this place.
 D = Time resting spent in this place.
 E = Time spent auto-exploring this place.
 F = Levels seen in this place.
 G = Mean time per level.
                   A        B        C        D        E       F      G
               +--------+--------+--------+--------+--------+-----+--------+
         Total |  12107 |  11704 |    403 |   1051 |   8533 |  12 | 1008.9 |
       Dungeon |  11331 |  10928 |    403 |    690 |   8352 |  10 | 1133.1 |
        Temple |     72 |     72 |      0 |      0 |     37 |   1 |   72.0 |
       Ossuary |    702 |    702 |      0 |    361 |    144 |   1 |  702.0 |
               +--------+--------+--------+--------+--------+-----+--------+

Top non-repeatable levels by time:
     D:3: 1754 daAuts
     D:8: 1388 daAuts
     D:2: 1235 daAuts
     D:5: 1232 daAuts
     D:1: 1195 daAuts
     D:9: 1108 daAuts
     D:7: 1000 daAuts
    D:10: 841 daAuts
     D:6: 806 daAuts
     D:4: 769 daAuts
 Ossuary: 702 daAuts
  Temple: 72 daAuts
